 Dungeon Crawl Stone Soup version 0.01-2115-ge649c80b0b (webtiles) character file.

Game seed: 8598914978751183346, levelgen mode: deterministic

133 pasperui the Twirler (level 4, 0/31 HPs) Lignifite Berserker. Began on June 10, 2020. Was a Believer of Trog. Slain by a sewer rat (7 damage) ... on level 1 of the Dungeon. The game lasted 00:03:46 (959 turns).

pasperui the Twirler (Lignifite Berserker)           Turns: 959, Time: 00:03:47

Health: 0/31       AC:  1    Str: 24    XL:     4 ^: 5
Magic:  5/5        EV: 16    Int:  8    God:    Trog [**.... (52)]
Gold:   60         SH:  2    Dex:  7    Spells: 3/3 levels left

rFire    x . .     Vision   .   a - +0 mace
rCold    . . .     Gourm    .   h - +0 mace
rNeg     . . .     Faith    .   m - +0 robe
rPois    +         Spirit   .   (helmet restricted)
rElec    .         Reflect  .   (no cloak)
rCorr    .         Harm     .   (gloves unavailable)
MR       .....     Rnd*Rage +   (boots unavailable)
Stlth    +.........             (no amulet)
HPRegen  0.20/turn              (no ring)
MPRegen  0.15/turn              (no ring)

@: berserk cooldown, slowed, slow
A: very small, rF-, deformed body, speed 1, poison resistance, slow metabolism
1, torment resistance, plant, rot immunity
a: Berserk, Trog's Hand, Renounce Religion


You were on level 1 of the Dungeon.
You worshipped Trog.
Trog was pleased with you.
You were not hungry.

You visited 1 branch of the dungeon, and saw 2 of its levels.

You collected 60 gold pieces.

Inventory:

Weapons
 a - a +0 mace (weapon)
 h - a +0 mace (weapon)
 j - a +0 mace
Armour
 b - a +0 animal skin
 m - a +0 robe (worn)
Scrolls
 e - a scroll of magic mapping
 f - a scroll of random uselessness
 g - a scroll of enchantment
 i - a scroll of blinking
Potions
 k - a potion of resistance
 l - a potion of haste
Comestibles
 c - 5 rations
 d - a chunk of flesh


   Skills:
 - Level 3.0 Fighting
 * Level 6.2 Maces & Staves
 - Level 2.6 Dodging


You had 3 spell levels left.
You didn't know any spells.
Your spell library was empty.

Dungeon Overview and Level Annotations

Branches:
Dungeon (2/8)

Altars:


Innate Abilities, Weirdness & Mutations

Your woody flesh burns easily. (rF-)
A tangle of shorter branches protects your body from attack. (+2 SH)
You are very small and have problems with some larger weapons.
You are too small for most types of armour.
Armour fits poorly on your strangely shaped body.
You cover ground quickly.
Your system is resistant to poisons. (rPois)
You have a slow metabolism.
You are immune to unholy pain and torment.
You require very little carbon dioxide to survive.
You are immune to rotting.
You frequently lose your temper in combat.
This godly rage surpasses even clarity. (*Rage)


Message History

You feel yourself slow down. The sewer rat closely misses you (0).
You sock the sewer rat (7)!
The sewer rat is severely wounded. (3/10) HP You hit the sewer rat but do no damage.
The sewer rat is severely wounded. (3/10) HP The sewer rat misses you (0). x2
You hit the sewer rat (4).
You kill the sewer rat!
Trog accepts your kill. The sewer rat barely misses you (0).
The sewer rat bites you (2).
* * * LOW HITPOINT WARNING * * *
The sewer rat barely misses you (0). The sewer rat closely misses you (0).
You hit the sewer rat but do no damage.
The sewer rat is severely wounded. (3/10) HP You hit the sewer rat (5).
You kill the sewer rat!
Trog accepts your kill. The sewer rat bites you (7)!
You die...

....# #.#..........#.........####
....###.######÷###.#†#######.....
'#.........#.....#.#.# #####++##
.######.##.#.#.#.#.#.# ##≈≈......
.........#.#.#.....#.# #≈≈..≈≈≈≈≈
.######..#.# #.rr#.#.# #≈..≈≈...≈
.# ###.#.# #..r>.#.# #≈.≈≈..≈..
.# #...#.#.#####r#.# #≈.≈≈.≈≈≈.
.# #.###.#....@rr#.# #≈.≈≈.<.≈≈
######.###.#########.# #≈..≈≈≈.≈≈
+......#...........#.# #≈≈..≈..≈≈
####...........###.#.###≈≈≈...≈≈.
+..'...........+.#'#...#.≈≈≈≈≈≈..
####...........#........8.......≈
# #...........#.........###++###
#.......)...#..............#
#...........#....÷..########


You could see 3 sewer rats.

Vanquished Creatures
  A jelly (D:1)
  6 sewer rats
  3 cinder newts (D:1)
  2 leopard geckos (D:1)
  4 bats (D:1)
  2 giant cockroaches (D:1)
  2 goblins (D:1)
  5 hobgoblins (D:1)
  4 kobolds (D:1)
  3 rats (D:1)
32 creatures vanquished.

Vanquished Creatures (others)
  A jelly (D:2)
  A kobold (D:2)
2 creatures vanquished.

Grand Total: 34 creatures vanquished

Notes
Turn   | Place    | Note
-------+----------+-------------------------------------------
     0 | D:1      | pasperui the Lignifite Berserker began the quest for the
                  | Orb.
     0 | D:1      | Reached XP level 1. HP: 14/14 MP: 2/2
   118 | D:1      | Reached XP level 2. HP: 21/21 MP: 3/3
   121 | D:1      | Reached skill level 4 in Maces & Staves
   395 | D:1      | Reached XP level 3. HP: 25/26 MP: 4/4
   491 | D:1      | Received a gift from Trog
   491 | D:1      | Reached skill level 5 in Maces & Staves
   945 | D:2      | Reached XP level 4. HP: 31/31 MP: 5/5
   947 | D:2      | Noticed a big kobold
   954 | D:1      | Reached ** piety under Trog
   954 | D:1      | Reached skill level 6 in Maces & Staves
   959 | D:1      | Slain by a sewer rat

Levels and vault maps discovered:
D:1:      psy_arrival_whirlpool, layout_basic, due_unseen_surprise
D:2:      layout_sewer, zin_angel, chequers_ecumenical_altar_simple_redux,
          first_ration, minmay_misc_feat_doors, minmay_misc_feat_tiny

Skill      XL: |  1  2  3  4 |
---------------+-------------+-----
Maces & Staves | 4 5 6 |  6.2
Fighting       | |  3.0
Dodging        | |  2.6

Action                   |  1- 3 |  4- 6 || total
-------------------------+-------+-------++-------
Melee: Mace              |   103 |    15 ||   118
       Unarmed           |    23 |       ||    23
Invok: Berserk           |     1 |       ||     1
Armor: Animal skin       |    10 |       ||    10
Dodge: Dodged            |    88 |    26 ||   114
Block: Other             |     5 |     3 ||     8
